 Dungeon Crawl Stone Soup version 0.16.1-11-g651b585 (webtiles) character file.

46 sugabear the Sneak (level 3, -1/16 HPs)
             Began as a Vine Stalker Enchanter on Apr 5, 2015.
             Slain by an adder (5 damage)
             ... on level 2 of the Dungeon.
             The game lasted 00:03:02 (1106 turns).

sugabear the Sneak (Vine Stalker Enchanter)         Turns: 1106, Time: 00:03:02

Health: -1/16      AC:  3    Str: 10    XL:     3   Next: 68%
Magic:  0/7        EV: 12    Int: 16    God:
Gold:   27         SH:  0    Dex: 14    Spells: 3 memorised, 0 levels left

rFire  . . .     SeeInvis .     a - +2 dagger
rCold  . . .     Clarity  .     b - +1 robe
rNeg   + . .     SustAb   .     (no shield)
rPois  .         Gourm    .     (no helmet)
rElec  .         Spirit   +     (no cloak)
rCorr  .         Warding  .     (no gloves)
rMut   .         Stasis   .     (no boots)
MR     .....                    (no amulet)
Stlth  +++.......               (no ring)
                                e - ring of positive energy

@: lethally poisoned (-1 -> -1), not resistant to hostile enchantments, fairly
stealthy
A: fangs 2, regeneration 1, magic shield, antimagic bite, no device heal 3, rot
immunity
a: no special abilities


You were on level 2 of the Dungeon.
You were not hungry.

You visited 1 branch of the dungeon, and saw 2 of its levels.

You collected 27 gold pieces.

Inventory:

Hand weapons
 a - a +2 dagger (weapon)
Armour
 b - a +1 robe (worn)
 f - a +0 cloak
Jewellery
 e - a ring of positive energy (left hand)
Scrolls
 g - 3 scrolls of identify {unknown}
 h - 3 scrolls of immolation {unknown}
Potions
 j - a potion of cancellation {unknown}
 k - a potion of magic {unknown}
Books
 c - a book of Maledictions

   Spells                             Type                      Level
   a - Corona                         Hexes                        1
   b - Sure Blade                     Hexes/Charms                 2
   c - Ensorcelled Hibernation        Hexes/Ice                    2
   d - Confuse                        Hexes                        3
   e - Dazzling Spray                 Conjuration/Hexes            3
   f - Enslavement                    Hexes                        4
Comestibles
 d - a bread ration
 i - 3 chunks of flesh


   Skills:
 + Level 0.1 Fighting
 + Level 0.8 Short Blades
 + Level 1.9 Dodging
 * Level 5.2 Stealth
 + Level 2.2 Spellcasting
 + Level 3.1 Hexes
 + Level 0.2 Ice Magic


You couldn't memorise any spells.
You knew the following spells:

 Your Spells              Type           Power        Failure   Level  Hunger
a - Corona                Hex            ##.....      8%          1    #......
b - Ensorcelled Hibernat  Hex/Ice        #.....       17%         2    ###....
c - Confuse               Hex            ##......     17%         3    ###....


Dungeon Overview and Level Annotations

Branches:
Dungeon (2/15)

Altars:


Innate Abilities, Weirdness & Mutations

You have extremely sharp teeth.
Your natural rate of healing is unusually fast.
When hurt, damage is shared between your health and your magic reserves.
Your bite disrupts and absorbs the magic of your enemies.
Potions and wands cannot restore your health.
You are immune to rotting.


Message History

Aiming: Ensorcelled Hibernation
Press: ? - help, Shift-Dir - straight line, f/p - adder
Aim: an adder (chance 48%)
The adder resists with some effort.
The rat barely misses you. The adder bites you.
Casting: Ensorcelled Hibernation
Confirm with . or Enter, or press ? or * to list all spells.
You don't have enough magic to cast that spell.
Casting: Ensorcelled Hibernation
Confirm with . or Enter, or press ? or * to list all spells.
Aiming: Ensorcelled Hibernation
Press: ? - help, Shift-Dir - straight line, f/p - adder
Aim: an adder (chance 48%)
The adder resists with some effort.
The adder bites you.
You are poisoned.
The adder poisons you! The rat bites you.
You hit the rat. You bite the rat, but do no damage.
The rat is severely wounded.
You feel sick. The adder bites you.
You die...

###########....#
#..............#
#..............#
#..............#
#..............#
#....†.........#
#...........†..#
#...........)..#
.............r@.#
.#...........S..####....
.......................
#.#.##.#####.#####....
......................
....#......#.#########
...........#.........
#......#)........
#......#.........


You could see an adder and a rat.

Vanquished Creatures
  Terence (D:2)
  A giant gecko (D:2)
  A giant cockroach (D:2)
  4 goblins
  5 hobgoblins
  2 jackals (D:1)
  2 oozes (D:1)
  6 bats
  5 kobolds (D:1)
  4 rats
31 creatures vanquished.

Notes
Turn   | Place    | Note
--------------------------------------------------------------
     0 | D:1      | sugabear, the Vine Stalker Enchanter, began the quest for the Orb.
     0 | D:1      | Reached XP level 1. HP: 9/9 MP: 3/3
    35 | D:1      | Reached skill level 4 in Stealth
    84 | D:1      | Reached XP level 2. HP: 13/13 MP: 5/5
    88 | D:1      | Learned a level 2 spell: Ensorcelled Hibernation
   947 | D:2      | Reached XP level 3. HP: 16/16 MP: 7/7
  1026 | D:2      | Noticed Terence
  1037 | D:2      | Killed Terence
  1037 | D:2      | Reached skill level 5 in Stealth
  1044 | D:2      | Learned a level 3 spell: Confuse
  1106 | D:2      | Slain by an adder

Action                   || total
-------------------------++-------
Melee: Dagger            ||    87
 Cast: Ensorcelled Hiber ||    19
  Use: Scroll            ||     2
 Stab: Sleeping          ||    19
  Eat: Chunk             ||     2
